 Dungeon Crawl Stone Soup version 0.27-a0-860-gaf99fae3ca (webtiles) character file.

Game seed: 9804524668158933277

424192 Lobster4 the Tortoise (level 23, -9/187 HPs)
             Began as a Gnoll Wanderer on Mar 31, 2021.
             Was a Follower of Uskayaw.
             Killed by the air
             ... invoked by a titan
              (35 damage)
             ... on level 5 of the Vaults on Apr 1, 2021.
             The game lasted 05:48:29 (75423 turns).

Lobster4 the Tortoise (Gnoll Wanderer)             Turns: 75423, Time: 05:48:29

Health: -9/187     AC: 29    Str: 25    XL:     23   Next: 77%
Magic:  42/42      EV: 20    Int: 12    God:    Uskayaw [*.....]
Gold:   2898       SH: 22    Dex: 31    Spells: 39/52 levels left

rFire    + + .     SeeInvis +   a - +6 falchion of Reinforcement {venom, +Rage rC- Int+4 SInv}
rCold    + + .     Faith    .   L - +1 kite shield {AC+3}
rNeg     + . .     Spirit   .   g - +4 chain mail {rN+}
rPois    +         Reflect  +   D - +0 mask of the Dragon {Will+ Slay+3 SInv}
rElec    .         Harm     .   U - +1 cloak of Wu Jian's Benevolence {rPois Will+ Slay+2}
rCorr    +         Rampage  .   n - +0 pair of gloves "Amipn" {*Contam rF++ rC+++ Regen+}
Will     ++++.                  X - +2 pair of boots {Fly}
Stlth    ++++......             F - amulet "Dyucazom" {Reflect Will+ Dex+4 SH+5}
HPRegen  1.41/turn              Q - ring "Beli" {rCorr Str+4 Dex+2 Slay+3}
MPRegen  0.28/turn              l - ring "Ugaburch" {rPois Dex+9}

@: flying, constricted, studying 3 skills
A: fangs 1, strong nose, distributed training
}: 2/15 runes: barnacled, gossamer
a: Renounce Religion, Evoke Berserk Rage, Stomp


You were on level 5 of the Vaults.
You worshipped Uskayaw.
Uskayaw was most pleased with you.
You visited 8 branches of the dungeon, and saw 40 of its levels.
You also visited: Trove, Ossuary and Ice Cave.

You collected 6680 gold pieces.
You spent 3782 gold pieces at shops.

Inventory:

Hand Weapons
 a - the +6 falchion of Reinforcement (weapon) {venom, +Rage rC- Int+4 SInv}
   (You bought it in a shop on level 4 of the Dungeon)

   It poisons the flesh of those it strikes.
   It affects your intelligence (+4).
   It makes you vulnerable to cold.
   It lets you see invisible.
   It lets you go berserk.
 b - the +7 fustibalus "Widowmaker" {speed, Dex+5}
   (You bought it in a shop on level 12 of the Dungeon)

   Attacks with this weapon are significantly faster.
   It affects your dexterity (+5).
 h - the +2 flail of Ucyvieh {vorpal, +Inv rElec rN+ Dex+6}
   (You took it off a deep elf high priest on level 3 of the Elven Halls)

   It inflicts extra damage upon your enemies.
   It affects your dexterity (+6).
   It insulates you from electricity.
   It protects you from negative energy.
   It lets you turn invisible.
 m - the +3 sling "Punk" {acid, rCorr}
   (You found it on level 3 of the Elven Halls)

   It protects you from acid and corrosion.
 R - the +7 flail "Yhoargh Mung" {vorpal, Str+4 Int+5}
   (You found it on level 1 of the Lair of Beasts)

   It inflicts extra damage upon your enemies.
   It affects your strength (+4).
   It affects your intelligence (+5).
Missiles
 j - 868 stones
 v - 214 sling bullets
 H - 23 curare-tipped darts (quivered)
 M - 125 poisoned darts
Armour
 g - a +4 chain mail of positive energy (worn)
 n - the +0 pair of gloves "Amipn" (worn) {*Contam rF++ rC+++ Regen+}
   (You found it on level 4 of the Vaults)

   It greatly protects you from fire.
   It renders you almost immune to cold.
   It causes magical contamination when unequipped.
   It increases your rate of health regeneration.
 D - the +0 mask of the Dragon (worn) {Will+ Slay+3 SInv}
   (You bought it in a shop on level 1 of the Vaults)

   It affects your accuracy and damage with ranged weapons and melee attacks
   (+3).
   It lets you see invisible.
   It increases your willpower.
 L - a +1 kite shield of protection (worn)
 U - the +1 cloak of Wu Jian's Benevolence (worn) {rPois Will+ Slay+2}
   (You found it on level 3 of the Elven Halls)

   It affects your accuracy and damage with ranged weapons and melee attacks
   (+2).
   It protects you from poison.
   It increases your willpower.
 X - a +2 pair of boots of flying (worn)
Jewellery
 l - the ring "Ugaburch" (right hand) {rPois Dex+9}
   (You acquired it on level 14 of the Dungeon)

   [ring of poison resistance]

   It affects your dexterity (+9).
   It protects you from poison.
 E - the ring of Uskayaw's Wrath {Will+ Int+3}
   (You took it off a deep elf pyromancer on level 14 of the Dungeon)

   [ring of willpower]

   It affects your intelligence (+3).
   It increases your willpower.
 F - the amulet "Dyucazom" (around neck) {Reflect Will+ Dex+4 SH+5}
   (You bought it in a shop on level 2 of the Orcish Mines)

   [amulet of reflection]

   It reflects blocked missile attacks.
   It affects your dexterity (+4).
   It affects your SH (+5).
   It increases your willpower.
 Q - the ring "Beli" (left hand) {rCorr Str+4 Dex+2 Slay+3}
   (You acquired it on level 1 of the Shoals)

   [ring of resist corrosion]

   It affects your strength (+4).
   It affects your dexterity (+2).
   It affects your accuracy and damage with ranged weapons and melee attacks
   (+3).
   It protects you from acid and corrosion.
Wands
 p - a wand of iceblast (8)
 B - a wand of mindburst (34)
 V - a wand of digging (20)
 W - a wand of acid (33)
Scrolls
 e - 10 scrolls of teleportation
 u - 7 scrolls of fog
 y - 3 scrolls of holy word
 C - 2 scrolls of silence
 N - 4 scrolls of magic mapping
 O - 2 scrolls of brand weapon
 T - 2 scrolls of immolation
 Z - 22 scrolls of identify
Potions
 i - 8 potions of ambrosia
 k - 5 potions of cancellation
 o - a potion of heal wounds
 z - 3 potions of berserk rage
 A - 5 potions of haste
 G - a potion of might
 I - 12 potions of curing
 J - 4 potions of lignification
Miscellaneous
 c - a box of beasts
 d - a phial of floods (inert)
 f - a tin of tremorstones (2/2)
 r - a phantom mirror
 K - a lightning rod (4/4)
 Y - a condenser vane


   Skills:
 + Level 17.0 Fighting
 + Level 15.3 Short Blades
 + Level 15.5 Long Blades
 + Level 15.3 Axes
 + Level 15.5 Maces & Flails
 + Level 15.3 Polearms
 + Level 15.3 Staves
 + Level 15.3 Slings
 + Level 15.3 Bows
 + Level 15.3 Crossbows
 + Level 15.3 Throwing
 + Level 17.3 Armour
 + Level 15.5 Dodging
 + Level 16.6 Stealth
 + Level 15.8 Shields
 + Level 15.3 Unarmed Combat
 + Level 15.3 Spellcasting
 + Level 14.3 Conjurations
 + Level 13.2 Hexes
 + Level 13.2 Summonings
 + Level 13.2 Necromancy
 + Level 13.2 Translocations
 + Level 13.2 Transmutations
 + Level 13.2 Fire Magic
 + Level 13.2 Ice Magic
 + Level 13.2 Air Magic
 + Level 13.2 Earth Magic
 + Level 13.2 Poison Magic
 + Level 16.5 Invocations
 + Level 15.3 Evocations


You had 39 spell levels left.
You knew the following spells:

 Your Spells              Type           Power      Damage    Failure   Level
a - Sting                 Tmut/Pois      100%       1d8       1%          1
b - Blink                 Tloc           N/A        N/A       1%          2
c - Conjure Flame         Conj/Fire      42%        6-21      1%          3
d - Mephitic Cloud        Conj/Pois/Air  41%        N/A       1%          3
e - Summon Lightning Spi  Summ/Air       40%        N/A       1%          4

Your spell library contained the following spells:

 Spells                   Type           Power      Damage    Failure   Level
 Animate Skeleton         Necr           80%        N/A       1%          1
 Beastly Appendage        Tmut           80%        N/A       1%          1
 Foxfire                  Conj/Fire      100%       2x1d9     1%          1
 Freeze                   Ice            100%       1d11      1%          1
 Magic Dart               Conj           100%       1d8       1%          1
 Pain                     Necr           100%       1d9       1%          1
 Shock                    Conj/Air       100%       1d9       1%          1
 Summon Small Mammal      Summ           100%       N/A       1%          1
 Call Imp                 Summ           40%        N/A       1%          2
 Corpse Rot               Necr/Air       N/A        N/A       1%          2
 Passwall                 Tmut/Erth      33%        N/A       1%          2
 Poisonous Vapours        Pois/Air       80%        N/A       1%          2
 Searing Ray              Conj           86%        3d6       1%          2
 Slow                     Hex            40%        N/A       1%          2
 Sublimation of Blood     Necr           20%        N/A       1%          2
 Swiftness                Air            40%        N/A       1%          2
 Wereblood                Tmut           40%        N/A       1%          2
 Call Canine Familiar     Summ           40%        N/A       1%          3
 Confusing Touch          Hex            40%        N/A       1%          3
 Dazzling Flash           Conj/Hex       84%        N/A       1%          3
 Frozen Ramparts          Ice            80%        1d10      1%          3
 Gell's Gravitas          Tloc           20%        N/A       1%          3
 Ignite Poison            Fire/Tmut/Pois 40%        N/A       1%          3
 Lesser Beckoning         Tloc           20%        N/A       1%          3
 Ozocubu's Armour         Ice            40%        N/A       1%          3
 Spider Form              Tmut/Pois      20%        N/A       1%          3
 Stone Arrow              Conj/Erth      84%        3d12      1%          3
 Summon Guardian Golem    Hex/Summ       40%        N/A       1%          3
 Teleport Other           Tloc           40%        N/A       1%          3
 Vampiric Draining        Necr           20%        2d8       1%          3
 Animate Dead             Necr           20%        N/A       1%          4
 Cause Fear               Hex            20%        N/A       1%          4
 Fulminant Prism          Conj/Hex       21%        3d13      1%          4
 Hailstorm                Conj/Ice       42%        3d10      1%          4
 Ice Form                 Ice/Tmut       40%        N/A       1%          4
 Iskenderun's Mystic Bla  Conj/Tloc      42%        2d10      1%          4
 Olgreb's Toxic Radiance  Pois           40%        N/A       1%          4
 Passage of Golubria      Tloc           N/A        N/A       1%          4
 Petrify                  Tmut/Erth      40%        N/A       1%          4
 Summon Ice Beast         Ice/Summ       40%        N/A       1%          4
 Irradiate                Conj/Tmut      21%        3d21      2%          5
 Agony                    Necr           40%        N/A       3%          5
 Alistair's Intoxication  Tmut/Pois      26%        N/A       3%          5
 Hydra Form               Tmut           20%        N/A       3%          5
 Lee's Rapid Deconstruct  Erth           20%        3d13*     3%          5
 Manifold Assault         Tloc           40%        N/A       3%          5
 Metabolic Englaciation   Hex/Ice        20%        N/A       3%          5
 Summon Forest            Summ/Tloc      20%        N/A       3%          5
 Summon Mana Viper        Hex/Summ       40%        N/A       3%          5
 Yara's Violent Unravell  Hex/Tmut       20%        3d9       3%          5
 Iron Shot                Conj/Erth      21%        9d5       13%         6
 Starburst                Conj/Fire      21%        8x6d7     13%         6
 Eringya's Noxious Bog    Tmut/Pois      20%        N/A       17%         6
 Invisibility             Hex            40%        N/A       17%         6
 Shadow Creatures         Summ           N/A        N/A       17%         6
 Spellforged Servitor     Conj/Summ      21%        N/A       58%         7
 Dragon Form              Tmut           20%        N/A       67%         7
 Summon Hydra             Summ           20%        N/A       67%         7
 Dragon's Call            Summ           20%        N/A       100%        9


Dungeon Overview and Level Annotations

Branches:
Dungeon (15/15)            Temple (1/1) D:5            Lair (6/6) D:9
 Shoals (4/4) Lair:2       Spider (4/4) Lair:2        Slime (0/5) Lair:5
    Orc (2/2) D:10            Elf (3/3) Orc:2        Vaults (5/5) D:13
  Crypt (0/3) Vaults:3     Depths (0/5) D:15        Ossuary (visited)
  IceCv (visited)

Altars:
Ashenzari
Cheibriados
Dithmenos
Elyvilon
Fedhas
Gozag
Hepliaklqana
Kikubaaqudgha
Makhleb
Nemelex Xobeh
Okawaru
Qazlal
Ru
Sif Muna
Trog
Uskayaw
Vehumet
Wu Jian
Xom
Yredelemnul
Zin
The Shining One
Jiyva

Shops:
D:4 (   D:6 [   D:12 ((*:*   D:15 ?   Orc:2 (=[*   Elf:1 *   Elf:2 (
Vaults:1 [

Annotations:
D:15 Roxanne


Innate Abilities, Weirdness & Mutations

You have very sharp teeth.
Your uncanny sense of smell can sniff out nearby items.
Your experience applies equally to all skills.


Message History

The ettin hits you with a +0 dire flail!
* * * LOW HITPOINT WARNING * * *
The tentacled monstrosity tentacle-slaps you but does no damage.
You block the tentacled monstrosity's attack.
The tentacled monstrosity tentacle-slaps you but does no damage.
You block the tengu reaver's attack. The tengu reaver pecks you.
* * * LOW HITPOINT WARNING * * *
You block the tengu reaver's attack.
The frost giant hits you with a +3 battleaxe of freezing!
* * * LOW HITPOINT WARNING * * *
The frost giant freezes you.
* * * LOW HITPOINT WARNING * * *
The yaktaur captain closely misses you. You block the titan's attack.
The tentacled monstrosity tentacle-slaps you.
* * * LOW HITPOINT WARNING * * *
The tentacled monstrosity misses you.
The tentacled monstrosity tentacle-slaps you.
* * * LOW HITPOINT WARNING * * *
The tentacled monstrosity constricts you.
Okay, then.
You feel much better.
The stone giant is no longer sharing its pain.
The deep elf death mage hits you but does no damage.
The ettin barely misses you. x2
A frost giant comes into view.
It is wielding a +2 battleaxe of freezing.
The tentacled monstrosity closely misses you.
You riposte.
You slash the tentacled monstrosity!
The tentacled monstrosity is lightly wounded.
The tentacled monstrosity closely misses you.
The tentacled monstrosity tentacle-slaps you.
* * * LOW HITPOINT WARNING * * *
The phantasmal warrior blinks!
The frost giant hits you with a +3 battleaxe of freezing.
* * * LOW HITPOINT WARNING * * *
The tengu reaver completely misses you. You block the tengu reaver's attack.
The tengu reaver misses you.
The yaktaur captain hits you but does no damage.
The titan waves its arms in wide circles.
The air twists around and strikes you!!
You die...

.. #....# ..
##..#....###[
...#....#.H#
...........#
####.....[p.#####
.....ee[[p[......
.......DD[*[.....
.....eCCXC[[.....
.....eC@ep[...C..
#.#...cQXD[.#####
......≈pO≈D...#
....C[.≈≈≈#...#
.....#W...#.#.#
...L....(.#.#.#
#....#....#.# .
.#.. #....#


You could see a shadow dragon (waterlogged), 2 tentacled monstrosities, a titan
(empowered, pain bonded), a golden dragon (pain bonded), a dread lich, 2 frost
giants, a quicksilver dragon, a sphinx (empowered), 2 stone giants, 2 vault
wardens, a tengu reaver (empowered, waterlogged, pain bonded), a yaktaur captain
(waterlogged), a vault guard (waterlogged), a ghostly vault guard (waterlogged,
pain bonded), a swamp dragon shaped shifter, a deep elf death mage (empowered,
pain bonded), an ettin (waterlogged, pain bonded), an ogre mage (empowered,
invisible, waterlogged, pain bonded), a deep elf knight (fast, empowered,
invisible, pain bonded), a deep elf high priest (brilliance aura, pain bonded),
a phantasmal warrior (pain bonded), a deep elf pyromancer (empowered, pain
bonded), a deep elf zephyrmancer (empowered) and a lost soul (summoned).

Vanquished Creatures
  Frederick (Vaults:2)
  Saint Roka (Vaults:2)
  Nikola (Lair:2)
  A bone dragon (Vaults:3)
  A tentacled monstrosity (Vaults:5)
  Rupert (Orc:1)
  An Ice Fiend (IceCv)
  Asterion (Spider:1)
  A titan (Vaults:3)
  2 deep elf master archers (Elf:3)
  Polyphemus (Shoals:3)
  The ghost of acebull12 the Warrior, an adept GrMo of Okawaru (Shoals:4)
  2 deep elf blademasters (Elf:3)
  Gastronok (Orc:1)
  Agnes (D:15)
  4 sphinxes
  The ghost of Huaklezo the Severer, an adept HOFi of Ru (Spider:3)
  Kirke (D:14)
  4 tengu reavers
  Ilsuiw (Shoals:3)
  The ghost of Pooter the Severer, a journeyman MiFi of Okawaru (D:13)
  An orc warlord (Orc:2)
  9 deep elf sorcerers
  4 ghost moths (Spider:4)
  An emperor scorpion (Spider:4)
  The ghost of Pumeicul the Covert, a journeyman GnDe of Okawaru (Shoals:3)
  16 vault wardens
  3 deep elf elementalists (Elf:3)
  A frost giant (Vaults:2)
  16 ironbound preservers
  13 very ugly things
  3 war gargoyles
  A stone giant (D:13)
  6 deep elf demonologists (Elf:3)
  7 dire elephants
  9 deep elf annihilators
  Azrael (Spider:1)
  2 entropy weavers
  4 deep elf death magi
  6 crystal guardians
  6 merfolk javelineers
  Snorg (D:14)
  An ettin (Vaults:5)
  8 merfolk impalers
  32 vault guards
  4 yaktaur captains
  2 deep elf high priests (Elf:3)
  6 ironbound thunderhulks
  12 hydras
  5 great orbs of eyes
  A rakshasa (D:15)
  6 peacekeepers
  5 boulder beetles
  3 ogre magi
  2 catoblepae
  A death knight (D:12)
  An alligator snapping turtle (Shoals:4)
  5 merfolk avatars
  8 ironbound frosthearts
  4 centaur warriors
  3 satyrs
  3 merfolk aquamancers
  22 dancing weapons
  11 two-headed ogres
  14 death yaks
  Urug (Lair:1)
  2 tengu warriors (D:13)
  2 deep troll earth magi (D:13)
  6 ironbound beastmasters
  A titan zombie (Vaults:4)
  4 orc high priests (Orc:2)
  Sonja (Lair:4)
  5 skeletal warriors (D:11)
  24 deep elf knights
  14 sea snakes
  A glowing orange brain (Vaults:3)
  21 ironbound convokers
  2 flayed ghosts
  4 orc knights
  35 deep trolls
  8 deep elf archers
  4 lindwurms
  23 harpies
  34 deep elf pyromancers
  A necromancer (Vaults:4)
  27 deep elf zephyrmancers
  A phantasmal warrior (Vaults:2)
  5 orc sorcerers
  7 wizards
  A salamander (D:15)
  A fire giant zombie (Vaults:4)
  4 oklob plants (Lair:4)
  14 cyclopes
  17 ugly things
  16 fauns
  29 wolf spiders
  18 manticores
  18 orb spiders
  17 elephants
  A guardian serpent (shapeshifter) (Elf:3)
  Maurice (D:8)
  11 black mambas
  3 ice statues (IceCv)
  3 water nymphs
  15 merfolk sirens
  A torpor snail (Spider:1)
  A human skeleton (Vaults:4)
  14 vault sentinels
  24 cane toads
  2 gargoyles (D:14)
  2 unseen horrors
  A kobold demonologist (D:10)
  4 rime drakes
  26 yaktaurs
  4 freezing wraiths (D:12)
  18 demonic crawlers
  7 ice devils (IceCv)
  7 komodo dragons
  An anaconda simulacrum (IceCv)
  A tengu conjurer (D:15)
  A troll (shapeshifter) (D:10)
  29 merfolk
  9 trolls
  10 wind drakes
  11 hornets
  7 polar bears
  A wind drake (shapeshifter) (D:15)
  32 jumping spiders
  Prince Ribbit (D:8)
  31 slime creatures
  22 dream sheep
  12 blink frogs
  11 snapping turtles
  53 redbacks
  27 tarantellas
  15 water elementals
  15 spriggans (Lair:6)
  An ettin skeleton (Vaults:4)
  A shadow (D:10)
  4 basilisks
  4 wyverns
  A dire elephant simulacrum (IceCv)
  8 fire elementals
  4 hogs (D:14)
  A wraith (D:13)
  A steam dragon (D:6)
  2 humans (D:11)
  64 yaks
  2 vampire mosquitoes (D:13)
  Menkaure (D:7)
  8 wargs
  4 harpy simulacra (IceCv)
  2 iron troll simulacra (IceCv)
  An ogre skeleton (Vaults:4)
  A hydra simulacrum (IceCv)
  2 acid dragons
  5 hell hounds (Spider:1)
  21 water moccasins
  An ice beast (D:5)
  33 orc warriors
  A sky beast (D:6)
  7 black bears
  An ettin simulacrum (IceCv)
  7 ogres
  40 wolves
  A necrophage (D:8)
  4 boggarts (Lair:6)
  8 centaurs
  3 elf zombies (Ossuary)
  4 kobold brigands
  3 earth elementals
  19 bullfrogs
  3 scorpions
  2 wyvern zombies
  8 killer bees
  4 wights
  3 electric eels
  3 howler monkeys (D:9)
  8 crimson imps (D:7)
  A bullfrog zombie (D:7)
  4 centaur zombies
  8 hounds
  23 orc priests
  3 human zombies (Ossuary)
  A centaur skeleton (D:6)
  4 iguanas
  32 orc wizards
  5 hell rats
  A killer bee zombie (D:4)
  2 hound skeletons
  2 hound zombies (Ossuary)
  5 mummies
  A howler monkey zombie (D:7)
  Robin (D:2)
  3 gnolls (D:3)
  7 adders
  2 shadow imps
  2 white imps
  An ufetubus (D:5)
  4 worms
  3 dart slugs
  87 orcs
  4 ball pythons
  6 endoplasms
  4 giant cockroaches
  20 goblins
  8 hobgoblins
  10 jackals
  22 kobolds
  3 quokkas
  5 bats
  3 frilled lizards
  2 goblin zombies (Ossuary)
  2 orc zombies (Ossuary)
  8 rats
1701 creatures vanquished.

Vanquished Creatures (collateral kills)
  A deep elf blademaster (Elf:2)
  Louise (Spider:1)
  Aizul (Shoals:1)
  An emperor scorpion (Spider:4)
  A spark wasp (Spider:4)
  A dancing weapon (Elf:2)
  A deep elf pyromancer (Elf:2)
  An orc knight (Orc:1)
  An orc sorcerer (Orc:1)
  A wolf spider (Spider:4)
  A jumping spider (Spider:4)
  A redback (Spider:4)
  An orc warrior (Orc:1)
  2 ogres
  An orc wizard (Orc:1)
  4 orcs
20 creatures vanquished.

Vanquished Creatures (others)
  A deep elf pyromancer (Elf:3)
  A hornet (Spider:4)
  2 bushes
  44 fungi
  165 plants
213 creatures vanquished.

Grand Total: 1934 creatures vanquished

Notes
Turn   | Place    | Note
-------+----------+-------------------------------------------
     0 | D:1      | Lobster4 the Gnoll Wanderer began the quest for the Orb.
     0 | D:1      | Lobster4 set off with the following items: a +2 falchion, a
                  | +0 short sword, a +0 mace, a +0 robe
     0 | D:1      | Reached XP level 1. HP: 26/26 MP: 1/1
   182 | D:1      | Reached XP level 2. HP: 33/33 MP: 2/2
   698 | D:1      | Reached XP level 3. HP: 38/38 MP: 3/3
   747 | D:2      | Noticed Robin
   916 | D:2      | Found a glowing silver altar of Zin.
  1058 | D:2      | Reached skill level 1 in Invocations
  1169 | D:2      | Reached skill level 1 in Short Blades
  1169 | D:2      | Reached skill level 1 in Axes
  1169 | D:2      | Reached skill level 1 in Polearms
  1169 | D:2      | Reached skill level 1 in Staves
  1169 | D:2      | Reached skill level 1 in Slings
  1169 | D:2      | Reached skill level 1 in Bows
  1169 | D:2      | Reached skill level 1 in Crossbows
  1169 | D:2      | Reached skill level 1 in Throwing
  1169 | D:2      | Reached skill level 1 in Stealth
  1169 | D:2      | Reached skill level 1 in Unarmed Combat
  1169 | D:2      | Reached skill level 1 in Spellcasting
  1169 | D:2      | Reached skill level 1 in Evocations
  1449 | D:2      | Reached XP level 4. HP: 45/45 MP: 5/5
  1884 | D:2      | Killed Robin
  1885 | D:2      | Reached skill level 1 in Conjurations
  1885 | D:2      | Reached skill level 1 in Hexes
  1885 | D:2      | Reached skill level 1 in Summonings
  1885 | D:2      | Reached skill level 1 in Necromancy
  1885 | D:2      | Reached skill level 1 in Translocations
  1885 | D:2      | Reached skill level 1 in Transmutations
  1885 | D:2      | Reached skill level 1 in Fire Magic
  1885 | D:2      | Reached skill level 1 in Ice Magic
  1885 | D:2      | Reached skill level 1 in Air Magic
  1885 | D:2      | Reached skill level 1 in Earth Magic
  1885 | D:2      | Reached skill level 1 in Poison Magic
  2170 | D:2      | Found a sparkling altar of Nemelex Xobeh.
  2335 | D:3      | Reached XP level 5. HP: 50/51 MP: 6/6
  2400 | D:3      | Found an opulent altar of Gozag.
  2610 | D:3      | Learned a level 1 spell: Sting
  3465 | D:4      | Reached XP level 6. HP: 52/57 MP: 8/8
  3555 | D:4      | Reached skill level 5 in Shields
  3645 | D:4      | Found Puofu's Antique Weapon Boutique.
  3892 | D:4      | Noticed a black bear
  3965 | D:4      | Killed a black bear
  3966 | D:4      | Reached XP level 7. HP: 63/63 MP: 10/10
  4810 | D:4      | Found a shimmering blue altar of Sif Muna.
  4887 | D:5      | Entered Level 5 of the Dungeon
  5029 | D:5      | Found a staircase to the Ecumenical Temple.
  5036 | Temple   | Entered the Ecumenical Temple
  5103 | Temple   | Became a worshipper of Uskayaw the Reveller
  5117 | D:5      | Reached * piety under Uskayaw
  5119 | D:5      | Reached ** piety under Uskayaw
  5155 | D:5      | Found a shadowy altar of Dithmenos.
  5161 | D:5      | Reached *** piety under Uskayaw
  5188 | D:5      | Reached XP level 8. HP: 45/71 MP: 12/12
  5313 | D:5      | Found a sand-covered staircase.
  5327 | Ossuary  | Entered an ossuary
  5343 | Ossuary  | Reached **** piety under Uskayaw
  6351 | D:5      | Found a burning altar of Makhleb.
  6571 | D:6      | Found Kaschu's Antique Armour Shoppe.
  6649 | D:4      | Bought a bloodstained falchion for 232 gold pieces
  6649 | D:4      | Identified the +6 falchion of Reinforcement {venom, +Rage
                  | rC- Int+4 SInv} (You bought it in a shop on level 4 of the
                  | Dungeon)
  6923 | D:6      | Found a white marble altar of Elyvilon.
  7207 | D:6      | Reached XP level 9. HP: 16/77 MP: 14/14
  7627 | D:6      | Found a shimmering altar of Xom.
  7816 | D:6      | Bought a dyed leather armour for 115 gold pieces
  8593 | D:7      | Noticed Menkaure
  8600 | D:7      | Killed Menkaure
  8601 | D:7      | Reached skill level 5 in Long Blades
  8601 | D:7      | Reached skill level 5 in Maces & Flails
  8601 | D:7      | Reached skill level 5 in Armour
  8601 | D:7      | Reached skill level 5 in Dodging
  8933 | D:7      | Reached ***** piety under Uskayaw
  9119 | D:8      | Reached skill level 5 in Invocations
  9417 | D:8      | Found an ancient bone altar of Kikubaaqudgha.
  9522 | D:8      | Noticed Prince Ribbit
  9538 | D:8      | Killed Prince Ribbit
  9559 | D:8      | Noticed a hornet
  9567 | D:8      | Killed a hornet
  9568 | D:8      | Reached XP level 10. HP: 43/85 MP: 17/17
  9942 | D:8      | Noticed Maurice
  9962 | D:8      | Killed Maurice
  9963 | D:8      | Reached skill level 5 in Short Blades
  9963 | D:8      | Reached skill level 5 in Axes
  9963 | D:8      | Reached skill level 5 in Polearms
  9963 | D:8      | Reached skill level 5 in Staves
  9963 | D:8      | Reached skill level 5 in Slings
  9963 | D:8      | Reached skill level 5 in Bows
  9963 | D:8      | Reached skill level 5 in Crossbows
  9963 | D:8      | Reached skill level 5 in Throwing
  9963 | D:8      | Reached skill level 5 in Stealth
  9963 | D:8      | Reached skill level 5 in Unarmed Combat
  9963 | D:8      | Reached skill level 5 in Spellcasting
  9963 | D:8      | Reached skill level 5 in Evocations
  9986 | D:8      | Found a broken altar of Ashenzari.
 10606 | D:9      | Reached skill level 10 in Fighting
 10835 | D:9      | Found a staircase to the Lair.
 11279 | D:9      | Noticed a two-headed ogre
 12124 | D:9      | Killed a two-headed ogre
 12379 | D:10     | Entered Level 10 of the Dungeon
 12498 | D:10     | Found a staircase to the Orcish Mines.
 12530 | D:10     | Reached XP level 11. HP: 80/91 MP: 19/19
 13117 | D:10     | Identified the +3 dagger "Lipy" {speed, Will+ Int+2 Dex-5}
 13269 | D:10     | Reached skill level 5 in Conjurations
 13269 | D:10     | Reached skill level 5 in Hexes
 13269 | D:10     | Reached skill level 5 in Summonings
 13269 | D:10     | Reached skill level 5 in Necromancy
 13269 | D:10     | Reached skill level 5 in Translocations
 13269 | D:10     | Reached skill level 5 in Transmutations
 13269 | D:10     | Reached skill level 5 in Fire Magic
 13269 | D:10     | Reached skill level 5 in Ice Magic
 13269 | D:10     | Reached skill level 5 in Air Magic
 13269 | D:10     | Reached skill level 5 in Earth Magic
 13269 | D:10     | Reached skill level 5 in Poison Magic
 13485 | D:11     | You fall into a shaft and drop 3 floors!
 13485 | D:14     | Found a portal to a secret trove of treasure.
 13486 | D:14     | Identified a scroll of acquirement
 13486 | D:14     | Acquired the ring "Ugaburch" {rPois Dex+9}
 13495 | D:14     | Noticed a five-headed hydra
 13525 | D:14     | Noticed a deep elf pyromancer
 13540 | D:14     | Killed a five-headed hydra
 13757 | D:13     | Noticed a tengu warrior
 13757 | D:13     | Noticed a tengu warrior
 13761 | D:13     | Noticed a cyclops
 13776 | D:13     | Killed a cyclops
 13979 | D:13     | Noticed an ogre mage
 13981 | D:13     | Noticed a two-headed ogre
 13986 | D:13     | Killed a two-headed ogre
 13986 | D:13     | Killed an ogre mage
 14130 | D:13     | Noticed a manticore
 14150 | D:13     | Killed a manticore
 14418 | D:13     | Noticed a two-headed ogre
 14445 | D:13     | Killed a two-headed ogre
 14468 | D:13     | Found a gate to the Vaults.
 14561 | D:13     | Found a stormy altar of Qazlal.
 14613 | D:13     | Noticed a cyclops
 14614 | D:13     | Noticed a centaur warrior
 14616 | D:13     | Noticed a deep troll earth mage
 14616 | D:13     | Noticed Pooter's ghost (journeyman MiFi)
 14616 | D:13     | Noticed a deep troll earth mage
 14635 | D:12     | Noticed a boulder beetle
 14767 | D:12     | Killed a boulder beetle
 15003 | D:12     | Found Feib's Weapon Shoppe.
 15027 | D:12     | Noticed a manticore
 15045 | D:12     | Killed a manticore
 15360 | D:12     | Found Puptoodgh's Assorted Antiques.
 15369 | D:12     | Bought a scroll of magic mapping for 101 gold pieces
 15555 | D:12     | Found Fouzuov's Antique Weapon Shop.
 15569 | D:12     | Noticed a two-headed ogre
 15597 | D:12     | Killed a two-headed ogre
 15598 | D:12     | Reached XP level 12. HP: 99/99 MP: 22/22
 15959 | D:11     | HP: 3/99 [skeletal warrior/+0 halberd (22)]
 16298 | D:11     | Noticed a four-headed hydra
 16298 | D:11     | Noticed a five-headed hydra
 16414 | Lair:1   | Entered Level 1 of the Lair of Beasts
 17055 | Lair:1   | Identified the +7 flail "Yhoargh Mung" {vorpal, Str+4
                  | Int+5}
 17408 | Lair:1   | Noticed Urug
 18483 | Lair:2   | Noticed a seven-headed hydra
 18497 | Lair:2   | Killed a seven-headed hydra
 18984 | Lair:2   | You fall into a shaft and drop 2 floors!
 18986 | Lair:4   | Noticed Sonja
 19842 | Lair:2   | Found a hole to the Spider Nest.
 20023 | Lair:2   | Noticed a six-headed hydra
 20036 | Lair:2   | Killed a four-headed hydra
 20037 | Lair:2   | Reached XP level 13. HP: 89/106 MP: 24/24
 20161 | Lair:2   | Found a radiant altar of Vehumet.
 21555 | Lair:2   | Found a staircase to the Shoals.
 22501 | Lair:3   | Reached ****** piety under Uskayaw
 23020 | Lair:3   | Identified the +3 flail of Mahy {elec, rPois rN+ Str+3}
 25398 | Lair:3   | Learned a level 2 spell: Blink
 25402 | Lair:3   | Learned a level 3 spell: Conjure Flame
 25947 | Lair:4   | Reached XP level 14. HP: 91/114 MP: 26/26
 26141 | Lair:4   | Reached skill level 10 in Shields
 26636 | Lair:4   | Killed Sonja
 27752 | Lair:5   | Reached skill level 10 in Invocations
 28192 | Lair:5   | Found a viscous altar of Jiyva.
 28192 | Lair:5   | Found a staircase to the Slime Pits.
 28540 | Lair:5   | HP: 3/115 [death yak (22)]
 29673 | Lair:5   | Identified the +11 halberd "Goafej" {vorpal, Dex+2}
 30091 | Lair:6   | Entered Level 6 of the Lair of Beasts
 30364 | Lair:6   | Reached skill level 10 in Long Blades
 30364 | Lair:6   | Reached skill level 10 in Maces & Flails
 30364 | Lair:6   | Reached skill level 10 in Armour
 30364 | Lair:6   | Reached skill level 10 in Dodging
 30754 | Lair:6   | Reached XP level 15. HP: 122/122 MP: 28/28
 32348 | Lair:6   | Reached skill level 10 in Short Blades
 32348 | Lair:6   | Reached skill level 10 in Axes
 32348 | Lair:6   | Reached skill level 10 in Polearms
 32348 | Lair:6   | Reached skill level 10 in Staves
 32348 | Lair:6   | Reached skill level 10 in Slings
 32348 | Lair:6   | Reached skill level 10 in Bows
 32348 | Lair:6   | Reached skill level 10 in Crossbows
 32348 | Lair:6   | Reached skill level 10 in Throwing
 32348 | Lair:6   | Reached skill level 10 in Stealth
 32348 | Lair:6   | Reached skill level 10 in Unarmed Combat
 32348 | Lair:6   | Reached skill level 10 in Spellcasting
 32348 | Lair:6   | Reached skill level 10 in Evocations
 33872 | Lair:1   | Killed Urug
 35841 | D:11     | Found an iron altar of Okawaru.
 36149 | D:12     | Bought an ichor-stained fustibalus for 660 gold pieces
 36149 | D:12     | Identified the +7 fustibalus "Widowmaker" {speed, Dex+5}
                  | (You bought it in a shop on level 12 of the Dungeon)
 36288 | D:12     | Found Wureos's Assorted Antiques.
 36296 | D:12     | Bought a pair of runed boots for 285 gold pieces
 36309 | D:12     | Found Ostruet's Book Shop.
 37414 | D:13     | Found a transporter.
 37580 | Orc:1    | Entered Level 1 of the Orcish Mines
 37826 | Orc:1    | Found a bloodstained altar of Trog.
 38010 | Orc:1    | Noticed Gastronok
 38025 | Orc:1    | Killed Gastronok
 38212 | Orc:2    | Entered Level 2 of the Orcish Mines
 38222 | Orc:2    | Noticed Rupert
 38268 | Orc:1    | Killed Rupert
 38269 | Orc:1    | Reached XP level 16. HP: 26/130 MP: 26/30
 39982 | Orc:2    | Found a staircase to the Elven Halls.
 40159 | Orc:2    | Found Toil's Antique Armour Emporium.
 40160 | Orc:2    | Found Gopral Sode's Antique Weapon Shoppe.
 40162 | Orc:2    | Found Feala's General Store.
 40162 | Orc:2    | Found Jaarouz's Jewellery Emporium.
 40338 | Orc:2    | Bought a scroll of identify for 30 gold pieces
 41001 | D:13     | Found a transporter.
 41403 | D:14     | Noticed Snorg
 41444 | D:14     | Killed Snorg
 41463 | D:14     | Identified the ring of Uskayaw's Wrath {Will+ Int+3}
 41764 | D:14     | Noticed Kirke
 41941 | Spider:1 | Entered Level 1 of the Spider Nest
 41942 | Spider:1 | Noticed Nikola
 42124 | D:12     | Bought a scroll of identify for 58 gold pieces
 42368 | D:14     | Noticed a sphinx
 42373 | D:14     | Killed Kirke
 42679 | D:15     | Entered Level 15 of the Dungeon
 42750 | D:15     | Found Uxoaleul's Magic Scroll Boutique.
 42863 | D:15     | Noticed Agnes
 42873 | D:15     | Killed Agnes
 43506 | D:15     | Found a staircase to the Depths.
 43865 | D:15     | Noticed Roxanne
 44305 | Shoals:1 | Entered Level 1 of the Shoals
 44650 | Shoals:1 | Noticed Aizul
 44673 | Shoals:1 | Reached XP level 17. HP: 106/137 MP: 32/32
 45671 | Orc:2    | Bought the amulet "Dyucazom" {Reflect Will+ Dex+4 SH+5} for
                  | 765 gold pieces
 45740 | Elf:1    | Entered Level 1 of the Elven Halls
 45878 | Elf:1    | Found a radiant altar of Vehumet.
 47320 | Elf:1    | Identified the +4 robe of Zin's Esteem {rCorr Str-2 Slay+6}
 47646 | Elf:1    | Identified the Reference Book on Supportive Confrontation
 47771 | Elf:1    | Found Roatz's General Store.
 48115 | Spider:1 | Noticed Louise
 48144 | Lair:2   | Killed Nikola
 48145 | Lair:2   | Reached skill level 10 in Conjurations
 48145 | Lair:2   | Reached skill level 10 in Hexes
 48145 | Lair:2   | Reached skill level 10 in Summonings
 48145 | Lair:2   | Reached skill level 10 in Necromancy
 48145 | Lair:2   | Reached skill level 10 in Translocations
 48145 | Lair:2   | Reached skill level 10 in Transmutations
 48145 | Lair:2   | Reached skill level 10 in Fire Magic
 48145 | Lair:2   | Reached skill level 10 in Ice Magic
 48145 | Lair:2   | Reached skill level 10 in Air Magic
 48145 | Lair:2   | Reached skill level 10 in Earth Magic
 48145 | Lair:2   | Reached skill level 10 in Poison Magic
 48427 | Spider:1 | Killed Louise
 49122 | Spider:1 | Noticed Azrael
 49127 | Spider:1 | Killed Azrael
 49669 | Spider:1 | Reached XP level 18. HP: 135/146 MP: 33/33
 49915 | Spider:1 | Noticed Asterion
 49917 | Spider:1 | Upgraded the game from 0.27-a0-836-gfc908b8576 to
                  | 0.27-a0-860-gaf99fae3ca
 50115 | Spider:1 | Killed Asterion
 50514 | Spider:2 | Learned a level 3 spell: Mephitic Cloud
 50706 | Spider:2 | Identified the +3 dagger of Twilight {vorpal, +Blink rC++
                  | Dex-5 Stlth+}
 52208 | Spider:3 | Found a runed translucent door.
 52215 | Spider:3 | Noticed Huaklezo's ghost (adept HOFi)
 52248 | Spider:3 | Killed Huaklezo's ghost
 52440 | Spider:4 | Entered Level 4 of the Spider Nest
 52472 | Spider:4 | Found a frozen archway.
 52512 | IceCv    | Entered an ice cave
 52958 | IceCv    | Noticed an Ice Fiend
 52965 | IceCv    | Killed an Ice Fiend
 52976 | IceCv    | Identified the +1 robe "Vinaledd" {-Tele rCorr Str+4
                  | Slay+3}
 54202 | Spider:4 | Got a gossamer rune of Zot
 54845 | Shoals:1 | Reached XP level 19. HP: 141/153 MP: 35/35
 55538 | Shoals:1 | Acquired the Compendium of Creation and Confrontation
 55540 | Shoals:1 | Acquired the ring "Beli" {rCorr Str+4 Dex+2 Slay+3}
 55556 | Shoals:1 | Acquired 924 gold pieces
 55891 | Shoals:1 | Killed Aizul
 56759 | Shoals:3 | Noticed Ilsuiw
 56789 | Shoals:3 | Killed Ilsuiw
 56820 | Shoals:3 | Found a runed translucent door.
 57149 | Shoals:3 | Noticed Pumeicul's ghost (journeyman GnDe)
 57786 | Shoals:3 | Noticed Polyphemus
 57810 | Shoals:3 | Killed Polyphemus
 58365 | Shoals:3 | Killed Pumeicul's ghost
 58484 | Shoals:4 | Entered Level 4 of the Shoals
 58853 | Shoals:4 | Reached skill level 15 in Fighting
 59202 | Shoals:4 | Found a runed translucent gate.
 59202 | Shoals:4 | Found a runed translucent gate.
 59202 | Shoals:4 | Found a runed translucent gate.
 59206 | Shoals:4 | Noticed acebull12's ghost (adept GrMo)
 59272 | Shoals:4 | Got a barnacled rune of Zot
 59629 | Shoals:4 | Reached XP level 20. HP: 162/162 MP: 37/37
 60442 | Shoals:4 | Killed acebull12's ghost
 60466 | Shoals:4 | Learned a level 4 spell: Summon Lightning Spire
 60906 | Elf:2    | Found Toissiv's Antique Weapon Shoppe.
 60921 | Elf:2    | Acquired a +0 pair of gloves of dexterity
 61032 | Elf:2    | Identified the +8 great sword of the Shark {freeze, +Rage
                  | Str+3 Int+6}
 61598 | Elf:2    | Found a huge runed translucent gate.
 61600 | Elf:2    | Found a huge runed translucent gate.
 61604 | Elf:2    | Found a huge runed translucent gate.
 61605 | Elf:2    | Found a huge runed translucent gate.
 61605 | Elf:2    | Found a huge runed translucent gate.
 62228 | Elf:3    | Entered Level 3 of the Elven Halls
 64059 | Elf:3    | Identified the ring "Ungues" {Fire Dex+2 Stlth+}
 64146 | Elf:3    | Identified the +2 flail of Ucyvieh {vorpal, +Inv rElec rN+
                  | Dex+6}
 64270 | Elf:3    | Identified the +3 leather armour of Beauty {rN+ Str+3
                  | Dex+4}
 64292 | Elf:3    | Identified the +9 spear of Woe {freeze, Will- Str+2 Int+4}
 64344 | Elf:3    | Identified the +0 leather armour of the Lute {*Drain rPois
                  | Int+3}
 64356 | Elf:3    | Reached XP level 21. HP: 169/169 MP: 38/38
 64706 | Elf:3    | Identified the ring "Hyurosa" {*Corrode rPois rC+++ rN+
                  | Dex-4}
 64799 | Elf:3    | Identified the +1 cloak of Wu Jian's Benevolence {rPois
                  | Will+ Slay+2}
 64827 | Elf:3    | Identified the +0 leather armour "Bootopn" {Harm +Fly Will-
                  | Str-5}
 64842 | Elf:3    | Found the +3 sling "Punk" {acid, rCorr}
 65640 | Vaults:1 | Entered Level 1 of the Vaults
 65740 | Vaults:1 | Reached skill level 15 in Invocations
 66167 | Vaults:1 | Found a stormy altar of Qazlal.
 66522 | Vaults:1 | Reached skill level 15 in Armour
 66720 | Vaults:1 | Found Doniny's Antique Armour Shop.
 66726 | Vaults:1 | Bought the +0 mask of the Dragon {Will+ Slay+3 SInv} for
                  | 1536 gold pieces
 66726 | Vaults:1 | Found the +0 mask of the Dragon {Will+ Slay+3 SInv}
 67921 | Vaults:2 | Noticed Frederick
 67952 | Vaults:2 | Killed Frederick
 69007 | Vaults:2 | Reached XP level 22. HP: 178/178 MP: 40/40
 69019 | Vaults:2 | Noticed Saint Roka
 69318 | Vaults:2 | Killed Saint Roka
 69731 | Vaults:2 | Reached skill level 15 in Shields
 70066 | Vaults:2 | Reached skill level 15 in Stealth
 70164 | Vaults:2 | Found the +0 pair of fencer's gloves {Riposte Dex+3}
 70833 | Vaults:3 | Found a staircase to the Crypt.
 70996 | Vaults:3 | Identified the +1 scale mail of Behuam {Rampage *Slow
                  | +Blink +Inv rF-}
 72074 | Vaults:3 | Reached skill level 15 in Long Blades
 72074 | Vaults:3 | Reached skill level 15 in Maces & Flails
 72074 | Vaults:3 | Reached skill level 15 in Dodging
 72602 | D:14     | You paid a toll of a +7 demon trident to enter a treasure
                  | trove
 72603 | Trove    | Entered a treasure trove
 72631 | Trove    | Identified the ring "Sodoviur" {rC+ EV+4 Int+3}
 72633 | Trove    | Identified the ring of Woq Mirimadgh {rPois rC+ Str+2
                  | Dex+2}
 72753 | D:13     | Killed Pooter's ghost
 73128 | Vaults:4 | Found the +9 staff of Wucad Mu {*channel}
 73325 | Vaults:4 | Reached XP level 23. HP: 186/186 MP: 39/41
 73706 | Vaults:4 | Reached skill level 15 in Short Blades
 73706 | Vaults:4 | Reached skill level 15 in Axes
 73706 | Vaults:4 | Reached skill level 15 in Polearms
 73706 | Vaults:4 | Reached skill level 15 in Staves
 73706 | Vaults:4 | Reached skill level 15 in Slings
 73706 | Vaults:4 | Reached skill level 15 in Bows
 73706 | Vaults:4 | Reached skill level 15 in Crossbows
 73706 | Vaults:4 | Reached skill level 15 in Throwing
 73706 | Vaults:4 | Reached skill level 15 in Unarmed Combat
 73706 | Vaults:4 | Reached skill level 15 in Spellcasting
 73706 | Vaults:4 | Reached skill level 15 in Evocations
 74260 | Vaults:4 | Identified the +0 pair of gloves "Amipn" {*Contam rF++
                  | rC+++ Regen+}
 75293 | Vaults:5 | Entered Level 5 of the Vaults
 75333 | Vaults:5 | Noticed a golden dragon
 75420 | Vaults:5 | Noticed a dread lich
 75422 | Vaults:5 | HP: 7/187 [tentacled monstrosity (4)]
 75423 | Vaults:5 | Killed from afar by a titan

Illustrated notes

Levels and vault maps discovered:
D:1:      psy_arrival_conway, layout_loops_ring
D:2:      layout_loops_ring, lemuel_crystal_altar, zin_academy, uniq_robin
D:3:      layout_rooms, old_standard_altar, corexii_shack
D:4:      layout_cave_pools, serial_shops, nicolae_shop_overgrown_old_shop,
          grunt_decor_junction, lemuel_blue_sif_altar
D:5:      layout_rooms, kennysheep_little_box, minmay_temple_entry_mini_moons,
          gup_ossuary_entry_pyramid, nicolae_dithmenos_the_darkroom
D:6:      layout_cave_pools, elyvilon_altar_5, marbit_many_paths, serial_shops,
          nicolae_shop_crystal
D:7:      layout_loops_ring, kb_lookout_dungeons_type, minmay_nine_imps,
          uniq_menkaure
D:8:      layout_gridville, kiku_gazebo_garden_becter, ashenzari_altar_1,
          uniq_prince_ribbit1, uniq_maurice
D:9:      layout_cave_pools, erik_lair_island, amcnicky_mini_pool_small
D:10:     layout_roguey, erik_orc_3, serial_glass, glass_columns_b,
          glass_columns_a, item_on_display_a, feat_on_display, feat_on_display,
          minmay_strange_pillars
D:11:     cheibrodos_elevator_heist, layout_stronghold, okawaru_humans
D:12:     layout_grid_maze, serial_shops, nicolae_shop_behind_doors,
          nicolae_shop_overgrown_old_shop, shop_statue, shop_statue, shop
D:13:     layout_loops_ring, david_vaults_2, gammafunk_ghost_arena,
          grunt_qazlal_sundering
D:14:     layout_gridville, nicolae_trove_entry_isolated, uniq_snorg, uniq_kirke
D:15:     hangedman_depths_entry_try_elsewhere_first, layout_cave_pods,
          serial_shops, shop, minmay_variable_closet, minmay_strange_pillars,
          st_stairs_1, uniq_agnes, uniq_roxanne
Temple:   nicolae_temple_great_sept
Lair:1:   layout_layer_cave, uniq_urug
Lair:2:   layout_hall_layers, elwin_shoals_entry_stream, dummy_spider_entry,
          basic_altar, hangedman_lair_unloving_vines, beast_lair_carwin_9
Lair:3:   nzn_winding_woodlands_stair_cross
          [nzn_winding_woodlands_5x15_sawtooth,
          nzn_winding_woodlands_center_lodge,
          nzn_winding_woodlands_5x15_sidewinder,
          nzn_winding_woodlands_5x5_three, nzn_winding_woodlands_5x5_open_star,
          nzn_winding_woodlands_5x15_default,
          nzn_winding_woodlands_center_garden,
          nzn_winding_woodlands_5x15_concentric], layout_cave_shapes,
          beast_lair_carwin_10
Lair:4:   layout_regular_city, minmay_hedge_maze, minmay_lair_oklob_chamber,
          serial_bayou_shore_b, lemuel_fruit_fields, uniq_sonja
Lair:5:   layout_cave_pods, slime_altar_1
Lair:6:   minmay_lair_end_enchanted_forest, layout_layer_cave
Shoals:1: cheibrodos_shoals_oceanic_diplomacy, layout_shoals, uniq_aizul
Shoals:2: layout_shoals
Shoals:3: layout_shoals, gammafunk_ghost_grave, uniq_ilsuiw, uniq_polyphemus
Shoals:4: shoals_end_simple, layout_shoals, ebering_ghost_rock_garden
Spider:1: layout_chambers, hangedman_spider_tarantella_strand, uniq_louise,
          uniq_asterion, uniq_nikola, uniq_azrael
Spider:2: layout_spider_delve
Spider:3: layout_spider_delve, ebering_ghost_reflecting_pool
Spider:4: grunt_spider_rune_parallel, portal_ice_cave_entry_pillars_1
Orc:1:    layout_caves, trog_book, uniq_gastronok
Orc:2:    st_orc_congregation, layout_caves, uniq_rupert
Elf:1:    eino_elf_arrival_altar, layout_loops_corners, serial_shops,
          nicolae_shop_trees, minmay_elf_sorcery,
          hangedman_elven_crosses_minicolossus
Elf:2:    layout_gridlike, serial_shops, shop_coins
Elf:3:    minmay_elf_hall_x, layout_gridlike, serial_co_window_serial,
          co_window_of_opportunity_a, co_window_corner_a, co_window_corner_a,
          co_window_paths_b, co_window_cross_1, co_window_of_opportunity_a,
          co_window_corner_a, co_window_of_opportunity_b, co_window_broadway_c,
          co_window_corner_b, co_window_corner_cb, glass_columns_a,
          glass_columns_a
Vaults:1: nicolae_vaults_gold_heap, nicolae_vaults_network_star,
          vaults_room_fancy_cross, nicolae_vaults_little_squares_3,
          vaults_room_corners, layout_vaults_chaotic_city, basic_altar,
          serial_shops, shop
Vaults:2: hangedman_vaults_capsules, vaults_room_pools, v_misc_24,
          vaults_room_hallway, nicolae_vaults_quadrants,
          nicolae_vaults_triangles, v_misc_25, v_misc_3, nicolae_vaults_big_ls,
          vaults_dpeg_ring, v_pattern_3, ontoclasm_vaults_gateway,
          nicolae_vaults_little_squares_4, layout_vaults_ring, uniq_frederick,
          uniq_saint_roka
Vaults:3: nicolae_vaults_network_periphery, hangedman_vaults_impose,
          vaults_standard_mumra_lines, v_misc_23,
          nicolae_vaults_windows_and_doors_thing,
          minmay_crypt_entry_nasty_monster, v_alt_pattern_1,
          vaults_room_glass_cross, hangedman_vaults_nails,
          hangedman_vaults_trim, hangedman_vaults_cutoff,
          ontoclasm_vaults_misaligned, ontoclasm_vaults_idyll,
          nicolae_vaults_little_squares_4, v_alt_pattern_4,
          layout_vaults_maze_bifur
Vaults:4: vaults_mumra_minichess_inversion, nicolae_vaults_what_the_h,
          nicolae_vaults_network_barrier, v_misc_8, v_misc_24,
          vaults_standard_mumra_enter_the_diamond, dpeg_vaults_monster_box,
          nicolae_vaults_bisected_slash, layout_vaults_omnicross
Vaults:5

Skill      XL: |  1  2  3  4  5  6  7  8  9 10 11 12 13 14 15 16 17 18 19 20 21 22 23 |
---------------+----------------------------------------------------------------------+-----
Invocations    | 1 2 3 4 5 6 7 8 9 10 11 12 13 14 15 16 | 16.5
Short Blades   | 1 2 3 4 5 6 7 8 9 10 11 12 13 14 15 | 15.3
Axes           | 1 2 3 4 5 6 7 8 9 10 11 12 13 14 15 | 15.3
Polearms       | 1 2 3 4 5 6 7 8 9 10 11 12 13 14 15 | 15.3
Staves         | 1 2 3 4 5 6 7 8 9 10 11 12 13 14 15 | 15.3
Slings         | 1 2 3 4 5 6 7 8 9 10 11 12 13 14 15 | 15.3
Bows           | 1 2 3 4 5 6 7 8 9 10 11 12 13 14 15 | 15.3
Crossbows      | 1 2 3 4 5 6 7 8 9 10 11 12 13 14 15 | 15.3
Throwing       | 1 2 3 4 5 6 7 8 9 10 11 12 13 14 15 | 15.3
Stealth        | 1 2 3 4 5 6 7 8 9 10 11 12 13 14 15 16 | 16.6
Unarmed Combat | 1 2 3 4 5 6 7 8 9 10 11 12 13 14 15 | 15.3
Spellcasting   | 1 2 3 4 5 6 7 8 9 10 11 12 13 14 15 | 15.3
Evocations     | 1 2 3 4 5 6 7 8 9 10 11 12 13 14 15 | 15.3
Conjurations   | 1 2 3 4 5 6 7 8 9 10 11 12 13 14 | 14.3
Hexes          | 1 2 3 4 5 6 7 8 9 10 11 12 13 | 13.2
Summonings     | 1 2 3 4 5 6 7 8 9 10 11 12 13 | 13.2
Necromancy     | 1 2 3 4 5 6 7 8 9 10 11 12 13 | 13.2
Translocations | 1 2 3 4 5 6 7 8 9 10 11 12 13 | 13.2
Transmutations | 1 2 3 4 5 6 7 8 9 10 11 12 13 | 13.2
Fire Magic     | 1 2 3 4 5 6 7 8 9 10 11 12 13 | 13.2
Ice Magic      | 1 2 3 4 5 6 7 8 9 10 11 12 13 | 13.2
Air Magic      | 1 2 3 4 5 6 7 8 9 10 11 12 13 | 13.2
Earth Magic    | 1 2 3 4 5 6 7 8 9 10 11 12 13 | 13.2
Poison Magic   | 1 2 3 4 5 6 7 8 9 10 11 12 13 | 13.2
Long Blades    | 3 4 5 6 7 8 9 10 11 12 13 14 15 | 15.5
Maces & Flails | 3 4 5 6 7 8 9 10 11 12 13 14 15 | 15.5
Armour         | 3 4 5 6 7 8 9 10 11 12 13 14 15 16 17 | 17.3
Dodging        | 3 4 5 6 7 8 9 10 11 12 13 14 15 | 15.5
Shields        | 5 6 7 8 9 10 11 12 13 14 15 | 15.8
Fighting       | 9 10 11 12 13 14 15 16 17 | 17.0

Action                   |  1- 3 |  4- 6 |  7- 9 | 10-12 | 13-15 | 16-18 | 19-21 | 22-24 || total
-------------------------+-------+-------+-------+-------+-------+-------+-------+-------++-------
Melee: Falchion          |    54 |    54 |   113 |   328 |   918 |   395 |   325 |   205 ||  2392
       Bite              |     6 |     7 |    20 |    68 |   256 |   134 |   120 |    80 ||   691
       Long sword        |       |       |   105 |     5 |    50 |       |       |       ||   160
       Trident           |       |       |       |     6 |       |       |       |       ||     6
       Flail             |       |       |       |       |    33 |    36 |   141 |    51 ||   261
       Scimitar          |       |       |       |       |       |    52 |       |       ||    52
 Fire: Hunting sling     |    28 |   149 |   210 |   426 |   859 |       |       |       ||  1672
       Fustibalus        |       |       |       |       |   154 |  1816 |  1592 |   647 ||  4209
Throw: Stone             |       |     2 |       |       |       |       |       |       ||     2
       Throwing net      |       |     1 |       |     1 |       |       |       |       ||     2
       Dart              |       |       |       |    41 |    30 |    26 |       |       ||    97
       Javelin           |       |       |       |       |       |     1 |       |       ||     1
 Cast: Sting             |       |       |     8 |     4 |     2 |       |       |       ||    14
       Blink             |       |       |       |       |     1 |       |       |       ||     1
       Mephitic Cloud    |       |       |       |       |       |     9 |     8 |       ||    17
       Summon Lightning  |       |       |       |       |       |       |     1 |     8 ||     9
Invok: Stomp             |       |       |       |     1 |     1 |       |       |     1 ||     3
       Line Pass         |       |       |       |       |     1 |       |       |       ||     1
       Grand Finale      |       |       |       |       |       |       |     2 |       ||     2
Evoke: Phial of floods   |       |       |       |       |     3 |     3 |     3 |     2 ||    11
       Lightning rod     |       |       |       |       |     6 |     9 |     7 |     4 ||    26
       Wand              |       |       |       |       |     2 |    16 |     2 |     1 ||    21
       Box of beasts     |       |       |       |       |     1 |     4 |     3 |       ||     8
       Condenser vane    |       |       |       |       |       |     1 |     1 |     3 ||     5
       Tin of tremorston |       |       |       |       |       |       |     4 |     2 ||     6
       Phantom mirror    |       |       |       |       |       |       |     2 |       ||     2
  Use: Scroll            |       |       |    12 |    12 |    13 |    10 |     8 |    13 ||    68
       Potion            |       |       |     5 |     7 |    12 |     5 |     5 |     3 ||    37
 Stab: Paralysed         |       |       |    14 |    29 |   107 |    39 |    48 |    48 ||   285
       Sleeping          |       |       |     1 |     1 |     1 |     8 |     9 |       ||    20
       Distracted        |       |       |       |       |       |     2 |     2 |     1 ||     5
       Confused          |       |       |       |       |       |     2 |       |       ||     2
Armor: Robe              |    13 |    31 |    44 |       |       |       |       |       ||    88
       Leather armour    |       |       |    25 |    95 |   124 |       |       |       ||   244
       Plate armour      |       |       |       |       |    94 |    91 |       |       ||   185
       Skin              |       |       |       |       |     8 |       |       |       ||     8
       Scale mail        |       |       |       |       |       |    95 |    87 |       ||   182
       Chain mail        |       |       |       |       |       |    45 |    14 |    81 ||   140
Dodge: Dodged            |    68 |    88 |   173 |   256 |   591 |   348 |   240 |   174 ||  1938
Block: Buckler           |       |    24 |    71 |   135 |   351 |   353 |   154 |       ||  1088
       Reflection        |       |       |       |       |       |    10 |    65 |    25 ||   100
       Kite shield       |       |       |       |       |       |       |   262 |   281 ||   543
       Rpst.: Falchion   |    19 |    17 |    17 |    59 |   144 |    40 |    25 |    23 ||   344
       Long sword        |       |       |    30 |     1 |     8 |       |       |       ||    39
       Scimitar          |       |       |       |       |       |     5 |       |       ||     5

Table legend: (Time is in decaauts)
 A = Elapsed time spent in this place.
 B = Non-inter-level travel time spent in this place.
 C = Inter-level travel time spent in this place.
 D = Time resting spent in this place.
 E = Time spent auto-exploring this place.
 F = Levels seen in this place.
 G = Mean time per level.
                   A        B        C        D        E       F      G
               +--------+--------+--------+--------+--------+-----+--------+
         Total |  72430 |  65803 |   6627 |  16201 |  34478 |  43 | 1684.4 |
       Dungeon |  23709 |  20869 |   2840 |   5734 |  10200 |  15 | 1580.6 |
        Temple |     77 |     68 |      9 |      0 |     59 |   1 |   77.0 |
          Lair |  18434 |  17043 |   1391 |   6350 |   7506 |   6 | 3072.3 |
        Shoals |   6631 |   6472 |    159 |   1256 |   3808 |   4 | 1657.8 |
   Spider Nest |   5133 |   4890 |    243 |    248 |   3554 |   4 | 1283.2 |
  Orcish Mines |   2876 |   2495 |    381 |    493 |   1274 |   2 | 1438.0 |
   Elven Halls |   6350 |   5700 |    650 |   1001 |   2912 |   3 | 2116.7 |
        Vaults |   7846 |   6895 |    951 |    647 |   4890 |   5 | 1569.2 |
         Trove |     44 |     44 |      0 |      0 |      0 |   1 |   44.0 |
       Ossuary |    793 |    793 |      0 |    329 |    233 |   1 |  793.0 |
      Ice Cave |    532 |    532 |      0 |    142 |     41 |   1 |  532.0 |
               +--------+--------+--------+--------+--------+-----+--------+

Top non-repeatable levels by time:
  Lair:2: 4541 daAuts
  Lair:3: 3572 daAuts
  Lair:6: 3051 daAuts
    D:11: 2986 daAuts
    D:12: 2834 daAuts
  Lair:4: 2701 daAuts
   Elf:3: 2698 daAuts
Vaults:2: 2554 daAuts
Shoals:1: 2352 daAuts
  Lair:5: 2285 daAuts
  Lair:1: 2281 daAuts
   Elf:1: 2252 daAuts
    D:13: 2018 daAuts
   Orc:2: 1885 daAuts
Shoals:4: 1881 daAuts
